 Dungeon Crawl Stone Soup version 0.30.1-9-gdf580d7c3d (webtiles) character file.

Game seed: 16183061223828993334

146 lonewolfV2 the Shield-Bearer (level 5, 0/42 HPs)
             Began as a Formicid Fighter on Sept 27, 2023.
             Slain by Grinder (5 damage)
             ... on level 3 of the Dungeon.
             The game lasted 00:02:06 (2186 turns).

lonewolfV2 the Shield-Bearer (Formicid Fighter)     Turns: 2186, Time: 00:02:06

Health: 0/42       AC:  7    Str: 20    XL:     5   Next: 53%
Magic:  5/5        EV:  9    Int:  8    God:
Gold:   77         SH:  6    Dex: 15    Spells: 4/4 levels left

rFire   . . .        a - +1 war axe
rCold   . . .        c - +1 buckler
rNeg    . . .        b - +0 scale mail
rPois   .            (helmet unavailable)
rElec   .            (no cloak)
rCorr   .            (no gloves)
SInv    +            (no boots)
Will    .....        (no amulet) Stlth
                     (no ring)
HPRegen 0.27/turn    (no ring)
MPRegen 0.09/turn

%: no passive effects
@: invisible
A: permanent stasis, dig shafts and tunnels, antennae 3, four strong arms
a: Dig, Shaft Self


You were on level 3 of the Dungeon.
You visited 1 branch of the dungeon, and saw 3 of its levels.

You collected 77 gold pieces.

Inventory:

Hand Weapons
 a - a +1 war axe (weapon)
Armour
 b - a +0 scale mail (worn)
 c - a +1 buckler (worn)
Scrolls
 i - a scroll of identify
 j - a scroll of amnesia
Potions
 d - a potion of ambrosia {unknown}
 f - a potion of cancellation
 g - a potion of attraction {unknown}
 h - a potion of resistance {unknown}
 k - a potion of curing {unknown}


   Skills:
 + Level 3.9 Fighting
 + Level 3.9 Axes
 + Level 4.1 Armour
 + Level 0.1 Dodging
 + Level 0.1 Stealth
 + Level 4.7 Shields


You had 4 spell levels left.
You didn't know any spells.
Your spell library contained the following spells:

 Spells                   Type           Power      Damage    Failure   Level
 Summon Small Mammal      Summ           0%         N/A       83%         1
 Call Canine Familiar     Summ           0%         N/A       99%         3
 Summon Guardian Golem    Hex/Summ       0%         N/A       99%         3


Dungeon Overview and Level Annotations

Branches:
Dungeon (3/15)

Altars:
The Shining One

Annotations:
D:3 Grinder


Innate Abilities, Weirdness & Mutations

You cannot be hasted, slowed, berserked, paralysed or teleported.
You can dig through walls and to a lower floor.
You have a pair of large antennae on your head. (SInv)
Your four strong arms can wield two-handed weapons with a shield.


Message History

Grinder gestures at you. Pain shoots through your body!
* * * LOW HITPOINT WARNING * * *
You slash Grinder!
Grinder is moderately wounded.
Grinder blinks!
You see here a hobgoblin corpse.
You fade into invisibility!
Grinder says, "FISH!"
Grinder hits you but does no damage.
You completely miss Grinder.
Grinder is moderately wounded.
Grinder gestures at you. You resist with significant effort.
Grinder barely misses you.
You catch the helpless Grinder completely off-guard!
You hit Grinder.
Grinder is heavily wounded.
Grinder blinks!
You closely miss Grinder.
Grinder is heavily wounded.
Grinder gestures at you. Pain shoots through your body!
* * * LOW HITPOINT WARNING * * *
You hit Grinder.
Grinder is heavily wounded.
Grinder barely misses you.
Grinder blinks!
You barely miss Grinder.
Grinder is heavily wounded.
You block Grinder's attack.
You slash Grinder!
Grinder is severely wounded.
Grinder gestures at you. Pain shoots through your body!
* * * LOW HITPOINT WARNING * * *
You barely miss Grinder.
Grinder is severely wounded.
Grinder hits you.
* * * LOW HITPOINT WARNING * * *
You writhe in agony.
You die...

#.. #.# #.# #.# # #g#
... #.#
.....###########.####...
.[..........@5..........
.....###########.####...
##..........# #.#
##..........####.#
.................#
#..........####.#
##.##...### #.# #.###
#.. #.# #...


You could see Grinder (unable to see you).

Vanquished Creatures
  2 orc wizards (D:3)
  Terence (D:3)
  A gnoll (D:1)
  2 adders
  2 worms (D:2)
  3 orcs (D:3)
  5 bats
  4 endoplasms
  2 giant cockroaches
  3 goblins
  4 hobgoblins
  4 kobolds
  2 quokkas
  A ball python (D:1)
  2 rats (D:2)
38 creatures vanquished.

Notes
Turn   | Place    | Note
-------+----------+-------------------------------------------
     0 | D:1      | lonewolfV2 the Formicid Fighter began the quest for the
                  | Orb.
     0 | D:1      | Reached XP level 1. HP: 18/18 MP: 1/1
    51 | D:1      | Found a faded altar of an unknown god.
   245 | D:1      | Reached XP level 2. HP: 24/24 MP: 2/2
   749 | D:1      | Reached XP level 3. HP: 27/29 MP: 3/3
  1483 | D:2      | Reached XP level 4. HP: 37/37 MP: 4/4
  1646 | D:3      | Found a glowing golden altar of the Shining One.
  1673 | D:3      | Noticed Terence
  1678 | D:3      | Reached XP level 5. HP: 38/42 MP: 5/5
  1698 | D:3      | Killed Terence
  2153 | D:3      | Noticed Grinder
  2186 | D:3      | Slain by Grinder

Illustrated notes

Levels and vault maps discovered:
D:1:      minmay_arrival_semitransparent, layout_loops_corners,
          shapermc_ecumenical_altar_ellora, minivault_24
D:2:      layout_rooms, skrybe_limestone_x
D:3:      layout_basic, mainiacjoe_overflow_paths,
          chequers_serial_rivers_small_b, minmay_crystal_water, uniq_terence,
          uniq_grinder, uniq_ijyb

Skill      XL: |  1  2  3  4 |
---------------+-------------+-----
Axes           | 3 |  3.9
Armour         | 4 |  4.1
Fighting       | |  3.9
Dodging        | |  0.1
Stealth        | |  0.1
Shields        | |  4.7

Action                     |  1- 3 |  4- 6 || total
---------------------------+-------+-------++-------
  Melee: War axe           |    50 |    60 ||   110
    Use: Scroll            |     6 |     2 ||     8
         Potion            |       |     2 ||     2
   Stab: Invisible         |       |     1 ||     1
 Armour: Scale mail        |    23 |    24 ||    47
  Dodge: Dodged            |    21 |    29 ||    50
  Block: Buckler           |    20 |    20 ||    40
